 Dungeon Crawl Stone Soup version 0.18-a0-1805-g8ab820f (webtiles) character file.

343 nubinia the Gusty (level 6, -3/37 HPs)
             Began as a Halfling Air Elementalist on Apr 26, 2016.
             Slain by an ogre
             ... wielding a +0 giant club
              (26 damage)
             ... on level 4 of the Dungeon.
             The game lasted 00:17:33 (4651 turns).

nubinia the Gusty (Halfling Air Elementalist)       Turns: 4651, Time: 00:17:33

Health: -3/37      AC:  4    Str:  8    XL:     6   Next: 88%
Magic:  6/10       EV: 15    Int: 16    God:
Gold:   143        SH:  0    Dex: 15    Spells: 3 memorised, 6 levels left

rFire  . . .     SeeInvis +     y - +2 dagger (venom)
rCold  . . .     Gourm    .     a - +0 robe
rNeg   . . .     Faith    .     (shield restricted)
rPois  .         Spirit   .     s - +1 hat
rElec  .         Dismiss  .     (no cloak)
rCorr  .         Reflect  .     x - +0 pair of gloves
SustAt .         Harm     .     (no boots)
MR     .....                    (no amulet)
Stlth  ++........               (no ring)
                                p - ring of see invisible

@: repel missiles, not resistant to hostile enchantments, unstealthy
A: mutation resistance 1
a: no special abilities


You were on level 4 of the Dungeon.
You were not hungry.

You visited 1 branch of the dungeon, and saw 4 of its levels.

You collected 143 gold pieces.

Inventory:

Hand Weapons
 d - a +0 short sword
 y - a +2 dagger of venom (weapon)
Armour
 a - a +0 robe (worn)
 s - a +1 hat (worn)
 x - a +0 pair of gloves (worn)
Jewellery
 p - a ring of see invisible (left hand)
Wands
 u - a wand of iceblast (11/15)
 v - a wand of iceblast (7/15)
Scrolls
 h - a scroll of noise {unknown}
 i - a scroll of amnesia {unknown}
 j - 4 scrolls of remove curse
 k - 3 scrolls of magic mapping
 m - a scroll of immolation
 o - 2 scrolls of recharging {unknown}
 q - a scroll of enchant weapon {unknown}
 r - a scroll of teleportation {unknown}
 A - a scroll of fog
 C - 2 scrolls of fear
Potions
 e - a potion of curing
 f - 2 potions of haste
 n - 4 potions of resistance
 t - a potion of might
 w - 2 potions of heal wounds
 z - a potion of flight
 D - 2 potions of cure mutation
Books
 b - a book of Air

   Spells                             Type                      Level
   a - Shock                          Conjuration/Air              1
   b - Swiftness                      Charms/Air                   2
   c - Repel Missiles                 Charms/Air                   2
   d - Static Discharge               Conjuration/Air              3
   e - Lightning Bolt                 Conjuration/Air              5
Comestibles
 c - 3 bread rations
 g - a chunk of flesh
 l - 3 meat rations


   Skills:
 + Level 0.6 Fighting
 + Level 0.6 Short Blades
 + Level 2.8 Dodging
 + Level 2.7 Stealth
 + Level 3.2 Spellcasting
 + Level 2.5 Conjurations
 + Level 4.9 Air Magic


You had 6 spell levels left.
You knew the following spells:

 Your Spells              Type           Power        Failure   Level  Hunger
a - Shock                 Conj/Air       ##..         4%          1    None
b - Swiftness             Chrm/Air       ##......     12%         2    ##.....
r - Repel Missiles        Chrm/Air       ##....       12%         2    ##.....


Dungeon Overview and Level Annotations

Branches:
Dungeon (4/15)
 Temple: D:4-7

Altars:


Innate Abilities, Weirdness & Mutations

You are small and have problems with some larger weapons.
You are somewhat resistant to further mutation.


Message History

The ogre is moderately wounded.
You hit the ogre but do no damage.
The ogre is poisoned.
The ogre is moderately wounded.
The ogre barely misses you.
You barely miss the ogre.
The ogre is moderately wounded.
The ogre hits you with a giant club!
Unknown command.
Unknown command.
Unknown command.
Casting: Shock
Confirm with . or Enter, or press ? or * to list all spells.
Aiming: Shock
Press: ? - help, Shift-Dir - straight line, f/p - ogre
Aim: an ogre, wielding a giant club (moderately wounded, poisoned)
The zap hits the ogre.
The ogre is heavily wounded.
The ogre hits you with a giant club!!
Ouch! That really hurt!
You die...

#######
###
#.....#
..#####
#@#
......#
#O#
..###.#
#.#
......#
#.#
......#
#.#
......#
#####.###
...##.#
#.......#
...##.#
#.###.#.#
+#
......#
#.# #.#.#
...


You could see an ogre.

Vanquished Creatures
  A scorpion (D:3)
  3 orc wizards
  2 worker ants (D:4)
  A gnoll (D:1)
  7 adders
  A worm (D:3)
  2 dart slugs
  3 giant geckos
  7 orcs
  4 giant cockroaches
  11 goblins
  10 hobgoblins
  2 quokkas (D:3)
  6 bats
  7 giant newts
  7 kobolds
  5 rats
79 creatures vanquished.

Notes
Turn   | Place    | Note
--------------------------------------------------------------
     0 | D:1      | nubinia the Halfling Air Elementalist began the quest for the Orb.
     0 | D:1      | Reached XP level 1. HP: 11/11 MP: 3/3
   315 | D:1      | Reached XP level 2. HP: 13/17 MP: 0/4
   319 | D:1      | Learned a level 2 spell: Repel Missiles
   536 | D:1      | Reached XP level 3. HP: 3/21 MP: 0/5
   700 | D:1      | Reached skill level 4 in Air Magic
   783 | D:1      | Learned a level 2 spell: Swiftness
   900 | D:1      | Reached skill level 1 in Conjurations
  2072 | D:2      | Reached XP level 4. HP: 27/27 MP: 3/6
  3015 | D:3      | Reached XP level 5. HP: 28/32 MP: 1/8
  3627 | D:3      | Reached XP level 6. HP: 37/37 MP: 3/10
  4161 | D:4      | Noticed an ice beast
  4630 | D:4      | Noticed an ogre
  4651 | D:4      | Slain by an ogre

Vault maps used:
D:1:      lightli_arrival_isolated_outpost
D:3:      item_on_display_a
D:4:      lemuel_round_altar, yredelemnul_forgotten_temple_becter,
          amethyst_overflow_temple_binary, first_bread

Skill      XL: |  1  2  3  4  5  6 |
---------------+-------------------+-----
Air Magic      | 4 |  4.9
Conjurations   | 1 2 |  2.5
Spellcasting   | 2 3 |  3.2
Fighting       | |  0.6
Short Blades   | |  0.6
Dodging        | |  2.8
Stealth        | |  2.7

Action                   |  1- 3 |  4- 6 || total
-------------------------+-------+-------++-------
Melee: Short sword       |    33 |    48 ||    81
       Dagger            |       |    25 ||    25
 Cast: Shock             |    55 |   140 ||   195
       Repel Missiles    |     1 |       ||     1
  Use: Potion            |     1 |       ||     1
       Scroll            |     3 |     8 ||    11
  Eat: Chunk             |     5 |    10 ||    15
Armor: Robe              |     7 |    16 ||    23
Dodge: Dodged            |    34 |    72 ||   106
